[Event "Batavia Grolsch 2012"]
[Site "Amsterdam"]
[Date "2012.02.28"]
[Round "5"]
[White "Arkell, Keith"]
[Black "Klein, David"]
[Result "1-0"]
[ECO "A70"]
[WhiteElo "2429"]
[BlackElo "2391"]
[PlyCount "144"]
[EventDate "2012.??.??"]
[TimeControl "40/5400+30:1800+30"]

1. d4 Nf6 2. Nf3 e6 3. c4 c5 4. d5 exd5 5. cxd5 d6 6. Nc3 g6 7. e4 a6 8. a4 Bg4
9. Be2 Bxf3 10. Bxf3 Bg7 11. O-O O-O 12. Rb1 Nbd7 13. Bf4 Qe7 14. b4 cxb4 15.
Rxb4 Rac8 16. Bd2 Nc5 17. Qb1 Nfd7 18. Re1 Be5 19. Nd1 Qf6 20. Bg4 Qh4 21. h3
Rc7 22. Bxd7 Rxd7 23. Ne3 Qf4 24. Nf1 Qf6 25. Re3 Re8 26. Rf3 Qe7 27. Bc3 Bxc3
28. Rxc3 Qe5 29. Re3 Rde7 30. Nd2 Qg7 31. Nf3 h6 32. a5 Kh7 33. Rc4 Nd7 34.
Qxb7 Qa1+ 35. Kh2 Nc5 36. Qb4 Rb7 37. Qd2 Rb2 38. Qc3 Qa2 39. Rd4 Rxf2 40. Rd2
Rxd2 41. Nxd2 Qa4 42. Qf6 Qd7 43. e5 Qe7 44. Qxe7 Rxe7 45. Nc4 dxe5 46. d6 Re6
47. Rd3 Re8 48. d7 Rd8 49. Rd5 Ne6 50. Nxe5 Nf8 51. Rd6 Kg7 52. Rxa6 f6 53. Nc6
Rxd7 54. Ra7 Rxa7 55. Nxa7 Nd7 56. Nc6 Kf7 57. a6 Ke6 58. a7 Nb6 59. g4 Kd6 60.
Nb4 Na8 61. Nd3 f5 62. gxf5 gxf5 63. Kg3 Kc6 64. Kh4 Kb7 65. Kh5 Nc7 66. Kxh6
Kxa7 67. Kg6 Kb7 68. Nf4 Kc6 69. h4 Kd6 70. h5 Ke5 71. h6 Kxf4 72. h7 Ke4 1-0

[Event "Batavia Grolsch 2012"]
[Site "Amsterdam"]
[Date "2012.02.28"]
[Round "5"]
[White "Vandenbussche, Thibaut"]
[Black "Ten Hertog, Hugo"]
[Result "0-1"]
[ECO "B81"]
[WhiteElo "2359"]
[BlackElo "2356"]
[PlyCount "74"]
[EventDate "2012.??.??"]
[TimeControl "40/5400+30:1800+30"]

1. e4 c5 2. Nf3 d6 3. d4 cxd4 4. Nxd4 Nf6 5. Nc3 e6 6. g4 h6 7. Be3 a6 8. Qf3
Nc6 9. Nxc6 bxc6 10. O-O-O e5 11. Rg1 Be6 12. h4 g6 13. Bc5 h5 14. Bxd6 hxg4
15. Bxf8 gxf3 16. Rxd8+ Rxd8 17. Bg7 Ke7 18. Bxh8 Rxh8 19. Bxa6 Rxh4 20. Bd3
Rh2 21. Nd1 Ng4 22. a4 Nxf2 23. Nxf2 Rxf2 24. a5 Kd6 25. b4 Rh2 26. Rf1 f2 27.
Kb2 Kc7 28. Ra1 Kb7 29. a6+ Ka7 30. Bf1 g5 31. c4 Bxc4 32. Kc3 Bxf1 33. Rxf1 g4
34. Kc4 g3 35. b5 cxb5+ 36. Kxb5 Rh1 37. Rxh1 g2 0-1

[Event "Batavia Grolsch 2012"]
[Site "Amsterdam"]
[Date "2012.02.28"]
[Round "5"]
[White "Van Kampen, Robin"]
[Black "Vedder, Richard"]
[Result "1-0"]
[ECO "C82"]
[WhiteElo "2566"]
[BlackElo "2293"]
[PlyCount "47"]
[EventDate "2012.??.??"]
[TimeControl "40/5400+30:1800+30"]

1. e4 e5 2. Nf3 Nc6 3. Bb5 a6 4. Ba4 Nf6 5. O-O Nxe4 6. d4 b5 7. Bb3 d5 8. dxe5
Be6 9. c3 Bc5 10. Qd3 O-O 11. Nbd2 f5 12. exf6 Nxf6 13. a4 Rb8 14. axb5 axb5
15. Ra6 Bb6 16. Ng5 Bf7 17. Nxf7 Rxf7 18. Nf3 Qd6 19. Be3 Bxe3 20. fxe3 Qc5 21.
Ng5 Rd7 22. Rxf6 gxf6 23. Ne4 Ne5 24. Nxc5 1-0

[Event "Batavia Grolsch 2012"]
[Site "Amsterdam"]
[Date "2012.02.29"]
[Round "3.1"]
[White "Illner, Achim"]
[Black "Van Kampen, Robin"]
[Result "1/2-1/2"]
[ECO "E63"]
[WhiteElo "2375"]
[BlackElo "2566"]
[PlyCount "23"]
[EventDate "2012.??.??"]
[TimeControl "6000+875"]
[WhiteClock "1:18:24"]
[BlackClock "1:06:00"]

1. d4 Nf6 2. Nf3 g6 3. g3 Bg7 4. Bg2 O-O 5. O-O d6 6. c4 Nc6 7. Nc3 a6 8. b3
Rb8 9. Nd5 Ne4 10. Bb2 Bd7 11. Rc1 b5 12. Nf4 1/2-1/2

[Event "Batavia Grolsch 2012"]
[Site "Amsterdam"]
[Date "2012.03.01"]
[Round "6.1"]
[White "Ten Hertog, Hugo"]
[Black "Illner, Achim"]
[Result "0-1"]
[ECO "C11"]
[WhiteElo "2356"]
[BlackElo "2375"]
[PlyCount "110"]
[EventDate "2012.??.??"]
[TimeControl "6000+1195"]
[WhiteClock "0:01:33"]
[BlackClock "0:14:03"]

1. e4 e6 2. d4 d5 3. Nc3 Nf6 4. Bg5 dxe4 5. Nxe4 Nbd7 6. Nf3 h6 7. Nxf6+ Nxf6
8. Bh4 c5 9. Bb5+ Bd7 10. Bxd7+ Qxd7 11. dxc5 Bxc5 12. Qxd7+ Kxd7 13. Ne5+ Ke7
14. O-O-O Rhd8 15. c3 g5 16. Bg3 Nh5 17. Nd3 Bb6 18. Kc2 Rac8 19. f3 Ng7 20.
Rde1 Nf5 21. Bf2 Bxf2 22. Nxf2 Rd5 23. Ne4 b5 24. a3 a5 25. Ng3 Nh4 26. Re2 Ng6
27. Rd1 Rxd1 28. Kxd1 Rd8+ 29. Kc2 Nf4 30. Rf2 f5 31. Ne2 Nd3 32. Rf1 Nxb2 33.
Nd4 Nc4 34. Nc6+ Kf6 35. Nxd8 Ne3+ 36. Kd3 Nxf1 37. h3 Ng3 38. Nb7 a4 39. Nd6
Nh5 40. g4 Nf4+ 41. Ke3 Nxh3 42. Nxb5 Nf4 43. c4 fxg4 44. fxg4 Ng6 45. c5 Ne5
46. Kd4 Nxg4 47. c6 Ke7 48. Kc5 Nf6 49. Kb6 g4 50. Nc3 Ne8 51. Nxa4 g3 52. Nc3
g2 53. Ne2 Kd6 54. a4 h5 55. a5 h4 0-1

[Event "Batavia Grolsch 2012"]
[Site "Amsterdam"]
[Date "2012.03.01"]
[Round "6.3"]
[White "Bosboom, Manuel"]
[Black "Van Kampen, Robin"]
[Result "1/2-1/2"]
[ECO "A20"]
[WhiteElo "2394"]
[BlackElo "2566"]
[PlyCount "61"]
[EventDate "2012.??.??"]
[TimeControl "6000+970"]
[WhiteClock "0:08:32"]
[BlackClock "0:03:11"]

1. c4 e5 2. d3 Nc6 3. Nf3 Nf6 4. a3 g6 5. Nc3 Bg7 6. Bd2 O-O 7. e3 d6 8. Be2 a6
9. Rc1 Bd7 10. b4 Rb8 11. Qb3 b5 12. O-O h6 13. Rc2 Ne7 14. Rfc1 c6 15. c5 Be6
16. Qb1 dxc5 17. Nxe5 c4 18. Rb2 cxd3 19. Bxd3 Ne8 20. Nf3 Nd6 21. Rd1 Bg4 22.
Rc2 Nc4 23. Bc1 Bxf3 24. gxf3 Bxc3 25. Rxc3 Nd5 26. Rb3 Qg5+ 27. Kh1 Qh5 28.
Be2 Rbe8 29. Qc2 Qh4 30. Rg1 Qxf2 31. Rxg6+ 1/2-1/2

[Event "Batavia Grolsch 2012"]
[Site "Amsterdam"]
[Date "2012.03.01"]
[Round "6.4"]
[White "Ernst, Sipke"]
[Black "Vedder, Richard"]
[Result "1-0"]
[ECO "D20"]
[WhiteElo "2606"]
[BlackElo "2293"]
[PlyCount "61"]
[EventDate "2012.??.??"]
[TimeControl "6000+1590"]
[WhiteClock "0:05:31"]
[BlackClock "0:02:45"]

1. d4 d5 2. c4 dxc4 3. e4 Nc6 4. Nf3 Bg4 5. d5 Ne5 6. Qd4 Nxf3+ 7. gxf3 Bxf3 8.
Rg1 e5 9. Qxc4 Nf6 10. Nd2 Bh5 11. Qb5+ Nd7 12. Bh3 Bg6 13. Nc4 f6 14. Qxb7 Rb8
15. Bxd7+ Kxd7 16. Qxa7 Bb4+ 17. Bd2 Qe7 18. Rc1 Rhc8 19. Rg3 Kd8 20. Rb3 Bxd2+
21. Nxd2 Rxb3 22. axb3 Be8 23. Rc5 c6 24. Qa5+ Qc7 25. Qc3 Qb7 26. Nc4 Qa7 27.
Na5 Bd7 28. dxc6 Be6 29. b4 Qb6 30. Qd3+ Kc7 31. Rb5 1-0

[Event "Batavia Grolsch 2012"]
[Site "Amsterdam"]
[Date "2012.03.01"]
[Round "6.5"]
[White "Hebden, Mark"]
[Black "Arkell, Keith"]
[Result "0-1"]
[ECO "E00"]
[WhiteElo "2516"]
[BlackElo "2429"]
[PlyCount "144"]
[EventDate "2012.??.??"]
[TimeControl "6000+970"]
[WhiteClock "0:14:46"]
[BlackClock "0:02:04"]

1. d4 e6 2. c4 Bb4+ 3. Nc3 c5 4. dxc5 Bxc3+ 5. bxc3 Qa5 6. Nf3 Nf6 7. Nd2 Na6
8. Nb3 Qxc3+ 9. Bd2 Qe5 10. Rc1 Ne4 11. Be3 Naxc5 12. Bd4 Qc7 13. Bxg7 Rg8 14.
Bd4 Nxb3 15. axb3 Qa5+ 16. Bc3 Nxc3 17. Qd2 b5 18. cxb5 Bb7 19. Rxc3 Qxb5 20.
f3 Ke7 21. e3 Qe5 22. Kf2 a5 23. Rc4 Bd5 24. Rd4 Ra7 25. Bc4 Bxc4 26. bxc4 Rb8
27. Rd1 Rbb7 28. Qc3 Qxh2 29. Rf4 Qh6 30. c5 Ra6 31. Rfd4 Rc6 32. Qd2 Rcc7 33.
c6 dxc6 34. Rb4 f5 35. Qd8+ Kf7 36. Rh4 Qg7 37. Rd2 h6 38. Rhd4 c5 39. Rd6 c4
40. Rd7+ Rxd7 41. Rxd7+ Rxd7 42. Qxd7+ Kf6 43. Qd4+ Kg6 44. Qxc4 Qd7 45. g4
Qd2+ 46. Kg3 Qxe3 47. gxf5+ Kxf5 48. Qc2+ Kf6 49. Qc8 Qe5+ 50. Kf2 Qd4+ 51. Kg3
Qd6+ 52. Kg4 Qd4+ 53. Kg3 Qe5+ 54. Kg2 Qg5+ 55. Kf2 Qf5 56. Kg3 Kg5 57. Qc4 h5
58. Qc1+ Kg6 59. Qc8 Qe5+ 60. Kf2 Qh2+ 61. Ke3 Qe5+ 62. Kf2 Qd4+ 63. Kg2 Qd2+
64. Kh3 Qd5 65. Kg3 Qg5+ 66. Kf2 Qh4+ 67. Kg2 Qg5+ 68. Kf2 Qd2+ 69. Kg3 h4+ 70.
Kh3 Kf7 71. Qb7+ Kf6 72. Kxh4 Qh6+ 0-1

[Event "Batavia Grolsch 2012"]
[Site "Amsterdam"]
[Date "2012.03.02"]
[Round "7.1"]
[White "Arkell, Keith"]
[Black "Ernst, Sipke"]
[Result "1/2-1/2"]
[ECO "D02"]
[WhiteElo "2429"]
[BlackElo "2606"]
[PlyCount "93"]
[EventDate "2012.??.??"]
[TimeControl "6000+1095"]
[WhiteClock "0:28:08"]
[BlackClock "0:51:38"]

1. d4 d5 2. Nf3 Nf6 3. Bf4 g6 4. Nbd2 Bg7 5. h3 c5 6. c3 O-O 7. e3 Nc6 8. Be2
Nd7 9. O-O b6 10. Qa4 Bb7 11. Ba6 Qc8 12. Bxb7 Qxb7 13. Qb3 Na5 14. Qd1 Rfd8
15. Qe2 Nc6 16. a4 a6 17. Rfb1 b5 18. axb5 axb5 19. Nb3 c4 20. Nbd2 b4 21. Rxa8
Rxa8 22. e4 e6 23. exd5 exd5 24. Qe3 Qa7 25. Bd6 Qa5 26. cxb4 Qb6 27. Bc5 Nxc5
28. bxc5 Qb4 29. Nf1 Rb8 30. N1d2 h5 31. Qf4 Re8 32. Qd6 Nxd4 33. Qxd5 Nxf3+
34. gxf3 Rc8 35. c6 Qa4 36. Qxc4 Qxc6 37. Qxc6 Rxc6 38. b4 Rc2 39. Nb3 Bf6 40.
Nc5 Bd4 41. Nd3 Rd2 42. Rb3 Kg7 43. b5 Bb6 44. Kf1 Kh6 45. Ke1 Ba5 46. Kf1 Bb6
47. Ke1 1/2-1/2

[Event "Batavia Grolsch 2012"]
[Site "Amsterdam"]
[Date "2012.03.02"]
[Round "7.2"]
[White "Illner, Achim"]
[Black "Klein, David"]
[Result "1-0"]
[ECO "B23"]
[WhiteElo "2375"]
[BlackElo "2391"]
[PlyCount "65"]
[EventDate "2012.??.??"]
[TimeControl "6000+1465"]
[WhiteClock "0:11:36"]
[BlackClock "0:22:19"]

1. e4 c5 2. Nc3 a6 3. Nge2 d6 4. g3 Nf6 5. Bg2 e6 6. O-O Be7 7. h3 Nc6 8. d4
cxd4 9. Nxd4 Qc7 10. a4 O-O 11. b3 Nxd4 12. Qxd4 Bd7 13. Bb2 Rac8 14. Rfd1 Qa5
15. Rd3 Qh5 16. Qe3 Rc7 17. Ba3 Rfc8 18. e5 Qxe5 19. Qxe5 dxe5 20. Bxe7 Rxc3
21. Bxb7 Rxd3 22. Bxc8 Rc3 23. Bxa6 Nd5 24. Ba3 Rxc2 25. a5 e4 26. Bb7 Nc3 27.
a6 e3 28. a7 exf2+ 29. Kh1 f6 30. a8=Q+ Kf7 31. Rf1 Bb5 32. Bg2 g6 33. Qf8# 1-0

[Event "Batavia Grolsch 2012"]
[Site "Amsterdam"]
[Date "2012.03.02"]
[Round "7.3"]
[White "Vandenbussche, Thibaut"]
[Black "Hebden, Mark"]
[Result "1-0"]
[ECO "C48"]
[WhiteElo "2359"]
[BlackElo "2516"]
[PlyCount "99"]
[EventDate "2012.??.??"]
[TimeControl "6000+1030"]
[WhiteClock "0:12:11"]
[BlackClock "0:44:37"]

1. e4 e5 2. Nf3 Nc6 3. Nc3 Nf6 4. Bb5 Nd4 5. Nxe5 Qe7 6. f4 Nxb5 7. Nxb5 d6 8.
Nf3 Qxe4+ 9. Kf2 Ng4+ 10. Kg3 Qg6 11. Nh4 Qf6 12. h3 g5 13. Qe2+ Ne5 14. Nf3
gxf4+ 15. Kh2 Kd8 16. d4 Nxf3+ 17. Qxf3 Bh6 18. Bd2 a6 19. Nc3 Qxd4 20. Rhd1
Bf5 21. Be1 Qe5 22. Qh5 Qe6 23. Bh4+ Kc8 24. Nd5 Be4 25. Nf6 Bg7 26. Nxe4 Bxb2
27. Rab1 Be5 28. Qf3 Rb8 29. Bf2 b6 30. a4 Rg8 31. Kh1 a5 32. Qd3 Qg6 33. Qf3
Qe6 34. c4 Qe8 35. c5 dxc5 36. Re1 Rg6 37. Qh5 f6 38. Nxf6 Qc6 39. Ne4 Bc3 40.
Re2 Bb4 41. Qf5+ Kb7 42. Qxf4 c4 43. Rc1 Rf8 44. Qe3 Rd8 45. Be1 Rd3 46. Qf4 c3
47. Qf5 Ka7 48. Nxc3 Rxc3 49. Bxc3 Bxc3 50. Qd3 1-0

[Event "Batavia Grolsch 2012"]
[Site "Amsterdam"]
[Date "2012.03.02"]
[Round "7.4"]
[White "Vedder, Richard"]
[Black "Bosboom, Manuel"]
[Result "1/2-1/2"]
[ECO "B06"]
[WhiteElo "2293"]
[BlackElo "2394"]
[PlyCount "72"]
[EventDate "2012.??.??"]
[TimeControl "6000+610"]
[WhiteClock "0:14:43"]
[BlackClock "0:07:31"]

1. e4 g6 2. d4 Bg7 3. Nc3 a6 4. Be3 b5 5. Bd3 Bb7 6. Nf3 d6 7. h3 Nd7 8. a4 b4
9. Ne2 c5 10. c3 a5 11. O-O Qc7 12. Rc1 Ngf6 13. cxb4 axb4 14. e5 Nd5 15. e6
fxe6 16. Ng5 Nxe3 17. fxe3 Bh6 18. Nxe6 Bxe3+ 19. Kh1 Qc6 20. d5 Qxa4 21. Bxg6+
hxg6 22. Qd3 Rxh3+ 23. gxh3 Ne5 24. Ng7+ Kd7 25. Qxe3 Rg8 26. Rxc5 Rxg7 27.
Rfc1 dxc5 28. Qxe5 Qb3 29. Rxc5 Qxh3+ 30. Kg1 Qg4+ 31. Ng3 Ba6 32. Rc7+ Ke8 33.
d6 Qd1+ 34. Kg2 Qd2+ 35. Kg1 Qd1+ 36. Kg2 Qd2+ 1/2-1/2

[Event "Batavia Grolsch 2012"]
[Site "Amsterdam"]
[Date "2012.03.02"]
[Round "7.5"]
[White "Van Kampen, Robin"]
[Black "Ten Hertog, Hugo"]
[Result "1-0"]
[ECO "B81"]
[WhiteElo "2566"]
[BlackElo "2356"]
[PlyCount "121"]
[EventDate "2012.??.??"]
[TimeControl "6000+1365"]
[WhiteClock "0:01:40"]
[BlackClock "0:00:33"]

1. e4 c5 2. Nf3 d6 3. d4 cxd4 4. Nxd4 Nf6 5. Nc3 e6 6. g4 h6 7. g5 hxg5 8. Bxg5
Nc6 9. Qd2 a6 10. O-O-O Qb6 11. Nb3 Bd7 12. h4 Rc8 13. Kb1 Qc7 14. Bd3 b5 15.
f4 b4 16. Ne2 Ng4 17. Ng3 Qb6 18. f5 a5 19. Be2 Nge5 20. fxe6 fxe6 21. Be3 Qd8
22. Nd4 Rxh4 23. Bg5 Rxh1 24. Bxd8 Rxd1+ 25. Bxd1 Kxd8 26. Nb5 Nf7 27. Be2 g6
28. Qe3 Bh6 29. Qf2 Ke7 30. e5 Ncxe5 31. Ne4 Bg7 32. Nbxd6 Rh8 33. Nxf7 Nxf7
34. Bf3 Be5 35. Qc5+ Ke8 36. Qxa5 Rh3 37. Nc5 Bd6 38. Qa8+ Ke7 39. Nxd7 Kxd7
40. Qb7+ Ke8 41. Be4 Rg3 42. a4 bxa3 43. b4 Be5 44. Ka2 Nd6 45. Qb8+ Kf7 46.
Bd3 Kg7 47. Qa7+ Kf6 48. Qf2+ Nf5 49. Qc5 Nd4 50. Qf8+ Kg5 51. Qf2 Rf3 52. Qg2+
Rg3 53. Qe4 Kf6 54. b5 Rg1 55. Kxa3 Ra1+ 56. Kb4 Nf5 57. c3 Rc1 58. Bc2 Rf1 59.
Kb3 Rf4 60. Qa8 Ne3 61. Qh8+ 1-0

[Event "Batavia Grolsch 2012"]
[Site "Amsterdam"]
[Date "2012.03.03"]
[Round "8.1"]
[White "Ten Hertog, Hugo"]
[Black "Vedder, Richard"]
[Result "1/2-1/2"]
[ECO "C50"]
[WhiteElo "2356"]
[BlackElo "2293"]
[PlyCount "50"]
[EventDate "2012.??.??"]
[TimeControl "6000+890"]
[WhiteClock "0:47:09"]
[BlackClock "0:59:59"]

1. e4 e5 2. Nf3 Nc6 3. Bc4 Bc5 4. O-O Nf6 5. d4 Bxd4 6. Nxd4 Nxd4 7. f4 d6 8.
fxe5 dxe5 9. Bg5 Qe7 10. c3 Ne6 11. Bxe6 Bxe6 12. Bxf6 gxf6 13. Na3 Rg8 14. b4
Rg6 15. Nc2 Qd7 16. Ne3 Rd8 17. Qxd7+ Rxd7 18. Rad1 Rxd1 19. Rxd1 Ke7 20. Kf2
Rg8 21. a3 Rd8 22. Rxd8 Kxd8 23. Kg3 Ke7 24. Kh4 Kf8 25. g4 Ba2 1/2-1/2

[Event "Batavia Grolsch 2012"]
[Site "Amsterdam"]
[Date "2012.03.03"]
[Round "8.2"]
[White "Hebden, Mark"]
[Black "Illner, Achim"]
[Result "0-1"]
[ECO "D02"]
[WhiteElo "2516"]
[BlackElo "2375"]
[PlyCount "100"]
[EventDate "2012.??.??"]
[TimeControl "6000+1080"]
[WhiteClock "0:27:12"]
[BlackClock "0:20:10"]

1. d4 d5 2. Nf3 e6 3. c4 Be7 4. Nc3 Nf6 5. Bg5 h6 6. Bf4 O-O 7. e3 Nbd7 8. Rc1
c5 9. cxd5 Nxd5 10. Bg3 cxd4 11. exd4 Qa5 12. Bd3 Nxc3 13. bxc3 b6 14. O-O Bb7
15. Re1 Rfd8 16. c4 Rac8 17. Bb1 Ba3 18. Qd3 Nf8 19. Rcd1 Bb2 20. d5 exd5 21.
Re7 dxc4 22. Qxd8 Rxd8 23. Rxd8 Bf6 24. Bd6 Bxe7 25. Bxe7 g6 26. Bxf8 Kh7 27.
Rd1 Bxf3 28. gxf3 c3 29. Bd6 Qb5 30. Bf4 Qa4 31. Rc1 Qxf4 32. Rxc3 Qg5+ 33. Kf1
Qe5 34. Rd3 Qxh2 35. Bc2 Qh3+ 36. Kg1 Qf5 37. Rc3 Qf6 38. Rc7 Qxf3 39. Bb3 Kg7
40. Rxa7 h5 41. Ra4 f5 42. Rd4 Qc6 43. Rc4 Qd6 44. Ba4 Kh6 45. Bc6 Qe6 46. Bb5
Kg5 47. a4 h4 48. Rc1 Qe4 49. Bc6 Qg4+ 50. Kh1 Qf4 0-1

[Event "Batavia Grolsch 2012"]
[Site "Amsterdam"]
[Date "2012.03.03"]
[Round "8.3"]
[White "Arkell, Keith"]
[Black "Vandenbussche, Thibaut"]
[Result "1-0"]
[ECO "E62"]
[WhiteElo "2429"]
[BlackElo "2359"]
[PlyCount "153"]
[EventDate "2012.??.??"]
[TimeControl "6000+1015"]
[WhiteClock "0:18:59"]
[BlackClock "0:01:07"]

1. d4 d6 2. Nf3 g6 3. g3 Bg7 4. Bg2 Nf6 5. c4 O-O 6. O-O c6 7. Nc3 Qa5 8. e4 e5
9. Re1 Nbd7 10. d5 cxd5 11. cxd5 b5 12. a3 b4 13. Na2 bxa3 14. Nc3 Nc5 15. Rxa3
Qb4 16. Qc2 Ba6 17. Be3 Nfd7 18. Na2 Qc4 19. Qxc4 Bxc4 20. Nd2 Nd3 21. Rb1 Bxa2
22. Rxa2 f5 23. Nc4 f4 24. Bxa7 fxg3 25. fxg3 Bh6 26. Ra3 Rxa7 27. Rxa7 Nb6 28.
Ra3 Nxc4 29. Rxd3 Be3+ 30. Kh1 Bd4 31. Rf1 Rb8 32. Rc1 Ne3 33. Rd2 Ng4 34. Rf1
Ne3 35. Re1 Ng4 36. Bh3 Nf6 37. Rde2 h5 38. Rc1 Bc5 39. Rc4 Rb3 40. Bg2 g5 41.
Rc3 Rb4 42. h3 Rd4 43. Rc1 Rd3 44. Kh2 h4 45. gxh4 gxh4 46. Rc3 Rd1 47. Bf3
Bg1+ 48. Kg2 Bc5 49. b4 Bxb4 50. Rc7 Bc5 51. Rb2 Rg1+ 52. Kh2 Rg7 53. Rg2 Rxg2+
54. Kxg2 Be3 55. Bg4 Bh6 56. Be6+ Kh8 57. Rc8+ Kg7 58. Kf3 Bd2 59. Rb8 Bc1 60.
Bf5 Ba3 61. Rb7+ Kh6 62. Rf7 Kg5 63. Rg7+ Kh5 64. Rg2 Bc5 65. Bg6+ Kh6 66. Bf7
Kh7 67. Rg6 Nd7 68. Kg4 Nf8 69. Rg8 Nd7 70. Kf5 Nb6 71. Be6 Nc4 72. Kf6 Nd2 73.
Rg4 Bf2 74. Bf5+ Kh6 75. Rg6+ Kh7 76. Rg7+ Kh8 77. Kf7 1-0

[Event "Batavia Grolsch 2012"]
[Site "Amsterdam"]
[Date "2012.03.03"]
[Round "8.4"]
[White "Ernst, Sipke"]
[Black "Bosboom, Manuel"]
[Result "1/2-1/2"]
[ECO "E94"]
[WhiteElo "2606"]
[BlackElo "2394"]
[PlyCount "90"]
[EventDate "2012.??.??"]
[TimeControl "6000+1235"]
[WhiteClock "0:27:23"]
[BlackClock "0:20:26"]

1. d4 Nf6 2. c4 d6 3. Nf3 Nbd7 4. Nc3 e5 5. e4 g6 6. Be2 Bg7 7. O-O O-O 8. Qc2
exd4 9. Nxd4 Nc5 10. Rd1 Re8 11. f3 Nh5 12. Be3 Be5 13. g3 Bd7 14. f4 Bg7 15.
b4 Nxe4 16. Nxe4 Qe7 17. Bf2 Qxe4 18. Qxe4 Rxe4 19. Bf3 Re7 20. Rac1 Bxd4 21.
Rxd4 Bc6 22. Bd1 b6 23. c5 dxc5 24. bxc5 b5 25. a4 a6 26. Ra1 Ree8 27. f5 Nf6
28. fxg6 hxg6 29. Rf4 Nd5 30. Rh4 f6 31. Bc2 g5 32. Rh6 bxa4 33. h4 gxh4 34.
gxh4 Re2 35. Bd3 Rd2 36. Bf5 Rb8 37. Be4 Rbb2 38. Bxd5+ Bxd5 39. Rxf6 Rd3 40.
Kh2 Rf3 41. Rxf3 Bxf3 42. Kg3 Rb3 43. Kf4 Bc6 44. Bd4 Kf7 45. h5 Rh3 1/2-1/2

[Event "Batavia Grolsch 2012"]
[Site "Amsterdam"]
[Date "2012.03.03"]
[Round "8.5"]
[White "Klein, David"]
[Black "Van Kampen, Robin"]
[Result "1/2-1/2"]
[ECO "B94"]
[WhiteElo "2391"]
[BlackElo "2566"]
[PlyCount "38"]
[EventDate "2012.??.??"]
[TimeControl "6000+2480"]
[WhiteClock "0:43:29"]
[BlackClock "0:25:56"]

1. e4 c5 2. Nf3 d6 3. d4 cxd4 4. Nxd4 Nf6 5. Nc3 a6 6. Bg5 Nbd7 7. Bc4 Qb6 8.
Qd2 Qxb2 9. Rb1 Qa3 10. O-O e6 11. Bd5 Nc5 12. Rfe1 Qa5 13. Nb3 Nxb3 14. Rxb3
Be7 15. Bxb7 Bxb7 16. Rxb7 Qd8 17. Rd1 O-O 18. e5 dxe5 19. Qe1 Qe8 1/2-1/2

[Event "Batavia Grolsch 2012"]
[Site "Amsterdam"]
[Date "2012.03.04"]
[Round "9.1"]
[White "Vandenbussche, Thibaut"]
[Black "Ernst, Sipke"]
[Result "0-1"]
[ECO "C46"]
[WhiteElo "2359"]
[BlackElo "2606"]
[PlyCount "116"]
[EventDate "2012.??.??"]
[TimeControl "6000+835"]
[WhiteClock "0:02:13"]
[BlackClock "0:54:27"]

1. e4 e5 2. Nf3 Nc6 3. Nc3 g6 4. d4 exd4 5. Nxd4 Bg7 6. Be3 Nf6 7. Qd2 O-O 8.
O-O-O Re8 9. f3 d5 10. exd5 Nxd5 11. Nxc6 bxc6 12. Nxd5 cxd5 13. Bd4 Bxd4 14.
Qxd4 Be6 15. h4 Rb8 16. h5 Qe7 17. hxg6 fxg6 18. Bd3 c5 19. Qe5 Qf7 20. Rhe1
Rb6 21. c4 Rbb8 22. Bc2 dxc4 23. Qc3 Qf4+ 24. Kb1 Bf7 25. Re4 Qg3 26. Qf6 Rxe4
27. Bxe4 c3 28. Qxc3 Qxg2 29. Qe5 Rc8 30. Bd5 Qh3 31. Bxf7+ Kxf7 32. Qd5+ Qe6
33. Qb7+ Kg8 34. Qxa7 Qf5+ 35. Ka1 Qxf3 36. Qd7 Rf8 37. a4 Qb3 38. Qd5+ Qxd5
39. Rxd5 Ra8 40. b3 c4 41. Kb2 cxb3 42. Kxb3 Kg7 43. Rd7+ Kh6 44. Kb4 g5 45. a5
g4 46. Rd5 Kg6 47. Kc4 h5 48. Kd3 g3 49. Ke2 Rf8 50. a6 g2 51. Rd1 h4 52. a7 h3
53. a8=Q Rxa8 54. Kf2 Rf8+ 55. Kg1 Kg5 56. Ra1 Kg4 57. Kh2 Rf1 58. Rxf1 gxf1=B
0-1

[Event "Batavia Grolsch 2012"]
[Site "Amsterdam"]
[Date "2012.03.04"]
[Round "9.2"]
[White "Bosboom, Manuel"]
[Black "Ten Hertog, Hugo"]
[Result "1-0"]
[ECO "D45"]
[WhiteElo "2394"]
[BlackElo "2356"]
[PlyCount "43"]
[EventDate "2012.??.??"]
[TimeControl "6000+2045"]
[WhiteClock "0:29:18"]
[BlackClock "0:06:31"]

1. d4 d5 2. Nf3 Nf6 3. c4 e6 4. Nc3 c6 5. e3 Nbd7 6. Qc2 b6 7. cxd5 exd5 8. Rg1
Bb7 9. g4 Bb4 10. Bd2 Rc8 11. g5 Bxc3 12. Bxc3 Ne4 13. Bd3 c5 14. Bxe4 dxe4 15.
d5 Bxd5 16. O-O-O Bc6 17. Nh4 Rg8 18. Nf5 Kf8 19. Rg4 Qc7 20. Nd6 f5 21. Rf4 g6
22. Qb3 1-0

[Event "Batavia Grolsch 2012"]
[Site "Amsterdam"]
[Date "2012.03.04"]
[Round "9.3"]
[White "Illner, Achim"]
[Black "Arkell, Keith"]
[Result "1/2-1/2"]
[ECO "D10"]
[WhiteElo "2375"]
[BlackElo "2429"]
[PlyCount "24"]
[EventDate "2012.??.??"]
[TimeControl "6000+95"]
[WhiteClock "1:28:52"]
[BlackClock "1:31:39"]

1. d4 d5 2. c4 c6 3. cxd5 cxd5 4. Bf4 Nc6 5. Nc3 Nf6 6. e3 Bf5 7. Nf3 e6 8. Bd3
Bxd3 9. Qxd3 Bd6 10. Bxd6 Qxd6 11. O-O O-O 12. Rfc1 Rfc8 1/2-1/2

[Event "Batavia Grolsch 2012"]
[Site "Amsterdam"]
[Date "2012.03.04"]
[Round "9.4"]
[White "Vedder, Richard"]
[Black "Klein, David"]
[Result "0-1"]
[ECO "B06"]
[WhiteElo "2293"]
[BlackElo "2391"]
[PlyCount "58"]
[EventDate "2012.??.??"]
[TimeControl "6000+750"]
[WhiteClock "0:39:22"]
[BlackClock "0:19:19"]

1. e4 g6 2. d4 Bg7 3. Nc3 d6 4. Be3 a6 5. Bc4 b5 6. Bd5 c6 7. Bb3 e6 8. Nf3 Nd7
9. a4 b4 10. Ne2 a5 11. O-O Ba6 12. Nd2 Ngf6 13. f3 O-O 14. Re1 Qe7 15. Nc1
Rfc8 16. Nd3 Rab8 17. Bf2 Nb6 18. e5 dxe5 19. Nc5 Bb7 20. dxe5 Nfd7 21. Nxb7
Rxb7 22. Nc4 Nxc4 23. Bxc4 Rd8 24. Ba6 Nc5 25. Qe2 Rbd7 26. Qc4 Rd5 27. f4 Qa7
28. Re4 Bf8 29. Bxc5 Rxc5 0-1

[Event "Batavia Grolsch 2012"]
[Site "Amsterdam"]
[Date "2012.03.04"]
[Round "9.5"]
[White "Van Kampen, Robin"]
[Black "Hebden, Mark"]
[Result "0-1"]
[ECO "C88"]
[WhiteElo "2566"]
[BlackElo "2516"]
[PlyCount "38"]
[EventDate "2012.??.??"]
[TimeControl "6000+1290"]
[WhiteClock "0:46:19"]
[BlackClock "1:19:10"]

1. e4 e5 2. Nf3 Nc6 3. Bb5 a6 4. Ba4 Nf6 5. O-O Be7 6. Re1 b5 7. Bb3 O-O 8. h3
Bb7 9. d3 d5 10. exd5 Nxd5 11. Nxe5 Nxe5 12. Rxe5 Qd6 13. Re1 c5 14. Nd2 Rae8
15. Ne4 Qc6 16. a4 Nb6 17. axb5 axb5 18. Qf3 c4 19. Ra7 cxb3 0-1